 Dungeon Crawl Stone Soup version 0.26.1-11-gd32895ea62 (webtiles) character file.

Game seed: 13714642305274089847

34 rlgrobin the Skirmisher (level 3, -3/33 HPs)
             Began as a Palentonga Fighter on Apr 19, 2021.
             Slain by Natasha (6 damage)
             ... on level 1 of the Dungeon on July 4, 2021.
             The game lasted 00:12:24 (1724 turns).

rlgrobin the Skirmisher (Palentonga Fighter)        Turns: 1724, Time: 00:12:25

Health: -3/33      AC:  6    Str: 17 (20) XL:     3   Next: 14%
Magic:  3/3        EV:  5    Int:  7 (8)  God:
Gold:   56         SH:  8    Dex:  7 (9)  Spells: 2/2 levels left

rFire    . . .     SeeInvis +   j - -3 mace (curse)
rCold    . . .     Faith    .   c - +0 kite shield
rNeg     . . .     Spirit   .   b - +0 scale mail
rPois    .         Reflect  .   (no helmet)
rElec    .         Harm     .   (no cloak)
rCorr    .         Rampage  .   (no gloves)
Will     .....                  (no barding)
Stlth    ..........             (no amulet)
HPRegen  0.11/turn              (no ring)
MPRegen  0.08/turn              (no ring)

@: mighty, slowed, very slow
A: large, rugged brown scales 3, see invisible, deformed body, roll 1, armoured
tail
a: Rolling Charge


You were on level 1 of the Dungeon.
You visited 1 branch of the dungeon, and saw 2 of its levels.

You collected 56 gold pieces.

Inventory:

Hand Weapons
 a - a +0 flail
 f - a +0 club
 j - a cursed -3 mace (weapon)
Armour
 b - a +0 scale mail (worn)
 c - a +0 kite shield (worn)
 h - a +0 ring mail
 k - a +0 ring mail
Scrolls
 g - a scroll of immolation
Potions
 e - a potion of magic


   Skills:
 - Level 3.3 Fighting
 + Level 2.8 Maces & Flails
 - Level 2.7 Armour
 - Level 2.5 Shields


You had 2 spell levels left.
You didn't know any spells.
Your spell library was empty.

Dungeon Overview and Level Annotations

Branches:
Dungeon (2/15)

Altars:

Annotations:
D:1 Natasha


Innate Abilities, Weirdness & Mutations

You are completely covered in rugged brown scales. (AC +3, +7% HP)
You have supernaturally acute eyesight. (SInv)
Armour fits poorly on your strangely shaped body.
You can roll at nearby foes to attack.
You have a long armoured tail.


Message History

You closely miss Natasha.
Your tail-slap misses Natasha.
Natasha is heavily wounded.
Natasha claws you. Natasha claws you!
You barely miss Natasha.
Natasha is heavily wounded.
Natasha claws you.
* * * LOW HITPOINT WARNING * * *
You block Natasha's attack.
It was a potion of magic.
Magic courses through your body. You block Natasha's attack.
You feel very mighty all of a sudden. Natasha barely misses you.
You block Natasha's attack.
You hit Natasha.
Natasha is almost dead.
You block Natasha's attack. Natasha claws you.
* * * LOW HITPOINT WARNING * * *
You closely miss Natasha.
Natasha is almost dead.
Natasha claws you.
You die...

.####.#.#.##.....#
###....♣♣♣. .#
#.#.#.######.########.#⌠.....
.# #.#.#.# #..........#######
.# #.#.#.# #.##.####### ##
#.#.#.######.#.#.## #
#.#.#...........#.# #
#####...)........#...## #
..÷....#########.##.## #
######.# #@##.# # #.# #h##.#
## ###.# #.##.# #.
####...#########.##.# ###.
.................##.# #...
####...############.# #...
###.# #.# #... # #.# #.# ###.
######.##### #.# ######÷


You could see Natasha.

Vanquished Creatures
  A dart slug (D:1)
  2 leopard geckos
  A bat (D:1)
  2 giant cockroaches
  4 goblins
  5 hobgoblins (D:1)
  3 jackals (D:2)
  A frilled lizard (D:1)
  4 kobolds
  3 rats
  A bush (D:1)
27 creatures vanquished.

Vanquished Creatures (others)
  4 plants (D:1)
4 creatures vanquished.

Grand Total: 31 creatures vanquished

Notes
Turn   | Place    | Note
-------+----------+-------------------------------------------
     0 | D:1      | rlgrobin the Palentonga Fighter began the quest for the
                  | Orb.
     0 | D:1      | Reached XP level 1. HP: 20/20 MP: 1/1
   245 | D:1      | Reached XP level 2. HP: 27/27 MP: 2/2
  1323 | D:2      | Reached XP level 3. HP: 26/33 MP: 3/3
  1538 | D:2      | Noticed Natasha
  1724 | D:1      | Slain by Natasha

Illustrated notes

Levels and vault maps discovered:
D:1:      heliophobic_arrival_henge, layout_loops_ring, serial_forest,
          infiniplex_forest_end_3, infiniplex_forest_straight_2,
          infiniplex_forest_lined_3_way, infiniplex_forest_clump_long,
          infiniplex_forest_clump_long, infiniplex_forest_straight_2,
          chequers_garden
D:2:      layout_basic, pdpol_temple_overflow_zin_treasury_gozag_greed,
          uniq_natasha

Action                   || total
-------------------------++-------
Melee: Flail             ||    94
       Tailslap          ||    12
       Mace              ||    69
 Abil: Rolling Charge    ||     1
  Use: Scroll            ||     4
       Potion            ||     3
Armor: Scale mail        ||    56
Dodge: Dodged            ||    34
Block: Kite shield       ||    49
